 Dungeon Crawl Stone Soup version 0.25-a0-306-g3faca94 (webtiles) character file.

Game seed: 16530730641255108233, levelgen mode: deterministic

541 Birdy the Skirmisher (level 7, -1/80 HPs)
             Began as an Ogre Gladiator on Dec 21, 2019.
             Killed from afar by an orc wizard (3 damage)
             ... with a puff of frost
             ... on level 4 of the Dungeon.
             The game lasted 00:05:19 (2934 turns).

Birdy the Skirmisher (Ogre Gladiator)               Turns: 2934, Time: 00:05:21

Health: -1/80      AC:  7    Str: 19    XL:     7   Next: 26%
Magic:  7/7        EV: 10    Int:  9    God:
Gold:   117        SH:  0    Dex: 10    Spells: 6/6 levels left

rFire    . . .     SeeInvis .   a - +0 quarterstaff
rCold    . . .     Gourm    .   (shield currently unavailable)
rNeg     . . .     Faith    .   b - +0 robe
rPois    .         Spirit   .   c - +0 hat
rElec    .         Reflect  .   e - +0 cloak
rCorr    .         Harm     .   (gloves unavailable)
MR       .....                  (boots unavailable)
Stlth    +.........             (no amulet)
HPRegen  0.23/turn              (no ring)
MPRegen  0.10/turn              (no ring)

@: no status effects
A: large, unfitting armour, icy blue scales 1, rugged brown scales 1, dopey 1,
tough skin 1
a: no special abilities


You were on level 4 of the Dungeon.
You were near starving.

You visited 1 branch of the dungeon, and saw 4 of its levels.

You collected 117 gold pieces.

Inventory:

Hand Weapons
 a - a +0 quarterstaff (weapon)
Missiles
 d - 3 throwing nets (quivered)
Armour
 b - a +0 robe (worn)
 c - a +0 hat (worn)
 e - a +0 cloak (worn)
Scrolls
 g - 3 scrolls of remove curse
 h - 2 scrolls of fog
 j - a scroll of identify
 l - 2 scrolls of teleportation
 o - a scroll of amnesia
Comestibles
 f - 6 rations


   Skills:
 + Level 7.4 Fighting
 + Level 6.0 Staves
 - Level 2.0 Throwing
 - Level 2.6 Dodging


You had 6 spell levels left.
You didn't know any spells.
Your spell library was empty.

Dungeon Overview and Level Annotations

Branches:
Dungeon (4/15)
 Temple: D:4-7

Altars:
Dithmenos
Qazlal
Vehumet
Zin
The Shining One


Innate Abilities, Weirdness & Mutations

You are too large for most types of armour.
You have tough skin. (AC +1)
You are partially covered in icy blue scales. (AC +2)
You are partially covered in rugged brown scales. (AC +1, +3% HP)
You are dopey. (Int -2)


Message History

You hit the orc priest but do no damage.
The orc hits you but does no damage.
The orc priest hits you with a +0 flail.
* * * LOW HITPOINT WARNING * * *
You hear some strange, mumbled words.
A puff of flame appears from out of thin air!
The puff of flame hits you.
* * * LOW HITPOINT WARNING * * *
You sock the orc priest!
The orc priest is heavily wounded.
The orc hits you but does no damage.
The orc priest looks encouraged for a moment.
Something hits you but does no damage.
You sock the orc priest!
You kill the orc priest!
The orc misses you.
You hear some strange, mumbled words.
A puff of frost appears from out of thin air!
The puff of frost hits you.
You die...

.#...(....####...#.....≈..≈≈.....
#.......##.....###≈.....≈.....##
................................#
........##........#.....#...#....
......##...#.....#..............
##>.......#..# #.........
#.#........# #.........
...#........#######......
#...#....@).....##.......#
.###..#...o{)..........#....
.....................###...
#...........#.........##..#
.....................##...#
#######.......................#..
...........................#.....
.....##..##.....##.......###.#...
......#.##..## #.......#...#..#


You could see an orc.

Vanquished Creatures
  Grinder (D:4)
  A howler monkey (D:4)
  2 orc priests (D:4)
  A hound (D:4)
  An iguana (D:4)
  2 worker ants (D:4)
  6 adders
  An ooze (D:4)
  3 worms (D:3)
  4 dart slugs
  2 orcs
  2 giant cockroaches
  4 goblins
  7 hobgoblins
  7 jackals
  5 kobolds
  2 quokkas
  3 ball pythons
  10 bats
  3 frilled lizards
  A jackal skeleton (D:4)
  A leopard gecko skeleton (D:4)
  2 quokka skeletons (D:4)
  4 rats
75 creatures vanquished.

Vanquished Creatures (others)
  A gnoll (D:2)
1 creature vanquished.

Grand Total: 76 creatures vanquished

Notes
Turn   | Place    | Note
-------+----------+-------------------------------------------
     0 | D:1      | Birdy the Ogre Gladiator began the quest for the Orb.
     0 | D:1      | Reached XP level 1. HP: 22/22 MP: 1/1
   104 | D:1      | Reached skill level 3 in Fighting
   157 | D:1      | Reached XP level 2. HP: 31/31 MP: 2/2
   934 | D:2      | Found a glowing golden altar of the Shining One.
   937 | D:2      | Reached XP level 3. HP: 39/39 MP: 3/3
  1014 | D:2      | Reached skill level 4 in Fighting
  1168 | D:2      | Found a radiant altar of Vehumet.
  1336 | D:3      | HP: 1/39 [quokka (3)]
  1631 | D:3      | Gained mutation: You are partially covered in rugged brown
                  | scales. (AC +1, +3% HP) [potion of mutation]
  1631 | D:3      | Gained mutation: You are dopey. (Int -2) [potion of
                  | mutation]
  1631 | D:3      | Gained mutation: You are partially covered in icy blue
                  | scales. (AC +2) [potion of mutation]
  1649 | D:3      | Reached XP level 4. HP: 35/50 MP: 4/4
  1889 | D:3      | Found a shadowy altar of Dithmenos.
  1963 | D:3      | Reached skill level 5 in Fighting
  2005 | D:3      | Reached XP level 5. HP: 50/58 MP: 5/5
  2023 | D:3      | Found a glowing silver altar of Zin.
  2356 | D:4      | Noticed Grinder
  2364 | D:4      | Paralysed by Grinder for 4 turns
  2398 | D:4      | Killed Grinder
  2398 | D:4      | Reached skill level 6 in Fighting
  2398 | D:4      | Reached skill level 5 in Staves
  2398 | D:4      | Reached XP level 6. HP: 19/70 MP: 6/6
  2720 | D:4      | Reached skill level 7 in Fighting
  2720 | D:4      | Reached XP level 7. HP: 70/80 MP: 7/7
  2769 | D:4      | Found a stormy altar of Qazlal.
  2932 | D:4      | HP: 1/80 [something/puff of flame (5)]
  2934 | D:4      | Killed from afar by an orc wizard

Levels and vault maps discovered:
D:1:      dpeg_arrival_water_fire, layout_basic
D:2:      layout_loops_ring, kennysheep_ying_yang, lemuel_doored_altar,
          fiery_altar_vehumet, overflow_temple_1_default, fedhas_altar_4,
          kennysheep_generic_room_14
D:3:      layout_basic, marbit_many_paths, grunt_dithmenos_smoke
D:4:      layout_cave_pools, lemuel_coloured_pillars_altar, tgw_sif,
          nicolae_qazlal_general_emergency, first_ration, roderic_roman_lattice,
          uniq_grinder

Skill      XL: |  1  2  3  4  5  6  7 |
---------------+----------------------+-----
Fighting       | 3 4 5 6 7 |  7.4
Staves         | 4 5 6 |  6.0
Throwing       | |  2.0
Dodging        | |  2.6

Action                   |  1- 3 |  4- 6 |  7- 9 || total
-------------------------+-------+-------+-------++-------
Melee: Quarterstaff      |   111 |   151 |    30 ||   292
  Use: Potion            |     5 |     2 |       ||     7
       Scroll            |     5 |     1 |     1 ||     7
 Stab: Sleeping          |     3 |       |       ||     3
  Eat: Chunk             |     1 |     4 |       ||     5
Armor: Robe              |    59 |    57 |    21 ||   137
Dodge: Dodged            |    65 |    73 |    15 ||   153

Table legend:
 A = Non-vault XP
 B = Vault XP
 C = Vault XP percentage of total XP
 D = Non-vault monster count
 E = Vault monster count
 F = Vault count percentage of total count
                 A         B        C        D         E       F
            +---------+---------+-------+---------+---------+-------
      Total |     495 |     279 |  36.0 |      73 |       2 |   2.7
            +---------+---------+-------+---------+---------+-------
        D:1 |      32 |       0 |   0.0 |      19 |       0 |   0.0
        D:2 |      23 |       0 |   0.0 |       7 |       0 |   0.0
        D:3 |     116 |       2 |   1.7 |      30 |       1 |   3.2
        D:4 |     324 |     277 |  46.1 |      17 |       1 |   5.6
            +---------+---------+-------+---------+---------+-------
